 Dungeon Crawl Stone Soup version 0.30-a0-760-g5a9884bb7c (webtiles) character file.

Game seed: 8007170910303221863

4347 mopl the Covert (level 10, 0/51 HPs)
             Began as a Vine Stalker Brigand on Feb 10, 2023.
             Was a Priest of Kikubaaqudgha.
             Slain by a komodo dragon (7 damage)
             ... on level 8 of the Dungeon.
             The game lasted 00:13:54 (5540 turns).

mopl the Covert (Vine Stalker Brigand)              Turns: 5540, Time: 00:13:54

Health: 0/51       AC:  7    Str: 13    XL:     10   Next: 34%
Magic:  0/21       EV: 26    Int: 13    God:    Kikubaaqudgha [***...]
Gold:   437        SH:  6    Dex: 19    Spells: 1/11 levels left

rFire   . . .      SeeInvis .    a - +0 dagger (venom)
rCold   . . .      Faith    .    b - +0 buckler
rNeg    . . .      Spirit   +    T - +0 steam dragon scales
rPois   +          Reflect  .    (no helmet)
rElec   .          Harm     .    J - +1 cloak {rPois}
rCorr   .          Rampage  .    (no gloves)
Will    +....                    (no boots)
Stlth   +++++                    i - amulet of the acrobat
HPRegen 1.08/turn                m - +4 ring of slaying
MPRegen 0.17/turn                E - ring of magical power

@: acrobatic
A: fangs 3, regeneration 1, magic shield, antimagic bite, no potion heal 2
a: Renounce Religion, Unearth Wretches


You were on level 8 of the Dungeon.
You worshipped Kikubaaqudgha.
Kikubaaqudgha was most pleased with you.
You visited 1 branch of the dungeon, and saw 8 of its levels.

You collected 437 gold pieces.

Inventory:

Hand Weapons
 a - a +0 dagger of venom (weapon)
 x - a +0 rapier
 N - a +0 dagger of freezing
 O - a +2 dagger
 P - a +1 short sword of holy wrath
 R - a +2 dagger of flaming
 S - a +1 hand axe of flaming
Missiles
 d - 38 poisoned darts (quivered)
 e - 6 curare-tipped darts
 g - 2 boomerangs of dispersal
 H - a silver boomerang
 I - 3 boomerangs
Armour
 b - a +0 buckler (worn)
 G - a +2 leather armour of fire resistance
 J - a +1 cloak of poison resistance (worn)
 T - +0 steam dragon scales (worn)
Jewellery
 i - an amulet of the acrobat (around neck)
 m - a +4 ring of slaying (left hand)
 z - an amulet of reflection
 D - a ring of positive energy
 E - a ring of magical power (right hand)
 L - a ring of ice
 M - an amulet of regeneration
Wands
 t - a wand of digging (6)
 B - a wand of acid (22)
 F - a wand of roots (9)
Scrolls
 c - 8 scrolls of enchant weapon {unknown}
 f - a scroll of noise {unknown}
 h - 2 scrolls of acquirement {unknown}
 j - a scroll of teleportation {unknown}
 k - 2 scrolls of enchant armour {unknown}
 q - 2 scrolls of blinking {unknown}
 r - 3 scrolls of fog {unknown}
 w - a scroll of silence {unknown}
 y - a scroll of torment {unknown}
 K - a scroll of fear {unknown}
 U - a scroll of vulnerability {unknown}
Potions
 l - 4 potions of brilliance
 n - 2 potions of mutation {!q}
 o - 4 potions of curing
 p - 2 potions of lignification {!q}
 s - 3 potions of haste
 u - 3 potions of flight
 v - a potion of ambrosia
 A - 4 potions of cancellation {unknown}
 C - 2 potions of might
 Q - a potion of berserk rage {unknown}
 V - 2 potions of resistance {unknown}


   Skills:
 + Level 5.0 Fighting
 + Level 5.9 Short Blades
 + Level 5.1 Throwing
 - Level 0.7 Dodging
 + Level 10.5 Stealth
 - Level 4.0 Shields
 + Level 1.0 Spellcasting
 * Level 0.3 Hexes
 + Level 4.9 Necromancy
 - Level 3.0 Transmutations
 + Level 0.1 Ice Magic
 - Level 3.0 Earth Magic
 + Level 0.1 Evocations


You had one spell level left.
You knew the following spells:

 Your Spells              Type           Power      Damage    Failure   Level
a - Vampiric Draining     Necr           13%        2d6       14%         3
b - Ensorcelled Hibernat  Hex/Ice        2%         N/A       45%         2
n - Swiftness             Air            0%         N/A       71%         3
p - Passwall              Tmut/Erth      6%         N/A       16%         2

Your spell library contained the following spells:

 Spells                   Type           Power      Damage    Failure   Level
 Necrotise                Necr           52%        1d6       4%          1
 Sandblast                Erth           16%        2d6       11%         1
 Kiss of Death            Conj/Necr      28%        2d7       13%         1
 Sting                    Tmut/Pois      16%        1d3       19%         1
 Animate Dead             Necr           13%        N/A       41%         4
 Poisonous Vapours        Pois/Air       0%         N/A       47%         2
 Stone Arrow              Conj/Erth      8%         3d7       50%         3
 Frozen Ramparts          Ice            2%         1d1       71%         3
 Anguish                  Hex/Necr       3%         N/A       77%         4
 Agony                    Necr           13%        N/A       77%         5
 Ice Form                 Ice/Tmut       4%         N/A       88%         4
 Borgnjor's Vile Clutch   Necr/Erth      5%         N/A       88%         5
 Olgreb's Toxic Radiance  Pois           0%         N/A       98%         4
 Summon Ice Beast         Ice/Summ       0%         N/A       98%         4
 Death Channel            Necr           6%         N/A       100%        6
 Borgnjor's Revivificati  Necr           6%         N/A       100%        8
 Necromutation            Tmut/Necr      5%         N/A       100%        8
 Death's Door             Necr           6%         N/A       100%        9


Dungeon Overview and Level Annotations

Branches:
Dungeon (8/15)             Temple (0/1) D:4            Lair (0/5) D:8

Altars:
Ashenzari
Kikubaaqudgha
Nemelex Xobeh
Ru
Sif Muna

Shops:
D:6 =

Portals:
Abyss: D:7

Annotations:
D:3 1 runed translucent door, zero's ghost, amateur GrEE
D:7 2 transporters, Dirtsage's ghost, novice MfGl


Innate Abilities, Weirdness & Mutations

You have razor-sharp teeth.
Your natural rate of healing is unusually fast.
When hurt, damage is shared between your health and your magic reserves.
Your bite disrupts and absorbs the magic of your enemies.
Potions cannot restore your health.


Message History

You closely miss the bullfrog. Your bite misses the bullfrog.
The bullfrog is severely wounded.
The bullfrog barely misses you. The bullfrog hits you.
You barely miss the bullfrog. Your bite misses the bullfrog.
The bullfrog is severely wounded.
The bullfrog hits you.
You hit the bullfrog.
The bullfrog is almost dead.
You block the bullfrog's attack.
You hit the bullfrog.
You kill the bullfrog!
Kikubaaqudgha accepts your kill.
You barely miss the komodo dragon. You bite the komodo dragon.
You drain its power.
You feel invigorated.
The komodo dragon is lightly wounded.
The komodo dragon bites you!!
You hit the komodo dragon but do no damage.
The komodo dragon is poisoned.
Your bite misses the komodo dragon.
The komodo dragon is lightly wounded.
You hit the komodo dragon.
The komodo dragon looks as sick as possible!
You bite the komodo dragon. You drain its power.
You feel invigorated.
The komodo dragon is lightly wounded.
The komodo dragon bites you!
You hit the komodo dragon.
The komodo dragon looks as sick as possible!
The komodo dragon is moderately wounded.
The komodo dragon bites you!
You are too injured to fight recklessly!
You hit the komodo dragon but do no damage.
The komodo dragon looks as sick as possible!
The komodo dragon is moderately wounded.
The komodo dragon bites you!!
* * * LOW HITPOINT WARNING * * *
The komodo dragon attacks as you move away!
You block the komodo dragon's attack.
The komodo dragon attacks as you move away!
The komodo dragon bites you!
You die...
Kikubaaqudgha rasps: "You have failed me!
Welcome... death!"

#.##.#..##.#..###..####
#.##.........## ##.###
#)####..##.#..###..#.. #
#.####.........#.###.# .#..)P
#.............#.<# #.####...P...
...#######.##.##.# #.##....P..PPP
##.# #.......# #.##.#.P..P..P #.#
###...#####.##.#...P.PP. ##.##
#....@l){o......PPPP.. ....##
#####...#####o.....P.P...P
##...###........)..#.##†...PP.PP.
..............))).....#..P.P.P..P
###)########.......#).#...P.PP.>P
♣)†..♣ #######......P.o..P...
♣..♣♣.♣ ###.......o...P. ♣...♣
#####......... ♣.♣♣♣♣ ##..P.PP..


You could see a komodo dragon (extremely poisoned) and 2 orcs.

Vanquished Creatures
  Maggie (D:7)
  A slime creature (D:7)
  Sigmund (D:5)
  Menkaure (D:6)
  2 water moccasins (D:8)
  Duvessa (D:5)
  An ice beast (D:6)
  An orc warrior (D:7)
  5 black bears
  A sky beast (D:6)
  2 ogres
  A centaur (D:8)
  3 phantoms
  6 kobold brigands
  5 bullfrogs (D:8)
  2 scorpions
  A necrophage (D:4)
  Dowan (D:5)
  A howler monkey (D:5)
  8 jellies
  A hound (D:4)
  Crazy Yiuf (D:5)
  A gnoll bouda (D:8)
  3 orc priests
  6 iguanas
  Natasha (thrice) (D:2)
  4 orc wizards
  10 gnolls
  7 adders
  3 shadow imps
  A white imp (D:6)
  An ufetubus (D:6)
  A worm (D:4)
  7 dart slugs
  43 orcs
  6 bats
  6 endoplasms
  2 giant cockroaches
  7 goblins
  3 hobgoblins
  6 quokkas
  3 ball pythons (D:1)
  6 frilled lizards
  9 kobolds
  8 rats
193 creatures vanquished.

Vanquished Creatures (others)
  25 fungi
  31 plants (D:8)
  6 toadstools (D:7)
62 creatures vanquished.

Grand Total: 255 creatures vanquished

Notes
Turn   | Place    | Note
-------+----------+-------------------------------------------
     0 | D:1      | mopl the Vine Stalker Brigand began the quest for the Orb.
     0 | D:1      | Reached XP level 1. HP: 11/11 MP: 2/2
    34 | D:1      | Reached skill level 5 in Stealth
    47 | D:1      | Reached XP level 2. HP: 3/15 MP: 3/3
   350 | D:1      | Reached XP level 3. HP: 18/18 MP: 4/4
   582 | D:1      | Reached skill level 2 in Short Blades
   584 | D:1      | Reached skill level 6 in Stealth
  1250 | D:2      | Noticed Natasha
  1255 | D:2      | Killed Natasha
  1256 | D:2      | Gained mutation: Your natural rate of healing is unusually
                  | fast. [Vine Stalker growth]
  1256 | D:2      | Reached XP level 4. HP: 23/23 MP: 5/5
  1365 | D:2      | Noticed Natasha
  1374 | D:2      | Killed Natasha
  1375 | D:2      | Reached skill level 2 in Throwing
  1415 | D:2      | Noticed Natasha
  1429 | D:2      | Killed Natasha
  1430 | D:2      | Reached skill level 7 in Stealth
  1466 | D:2      | Found a faded altar of an unknown god.
  1623 | D:3      | Reached XP level 5. HP: 25/26 MP: 6/6
  1873 | D:3      | Learned a level 2 spell: Passwall
  2101 | D:3      | Reached skill level 3 in Short Blades
  2156 | D:3      | Found a runed translucent door.
  2159 | D:3      | Noticed zero's ghost (amateur GrEE)
  2545 | D:4      | Reached XP level 6. HP: 18/30 MP: 5/7
  2646 | D:4      | Found a sparkling altar of Nemelex Xobeh.
  2651 | D:4      | Found a sacrificial altar of Ru.
  2654 | D:4      | Found a shimmering blue altar of Sif Muna.
  2654 | D:4      | Found an ancient bone altar of Kikubaaqudgha.
  2661 | D:4      | Found a broken altar of Ashenzari.
  2669 | D:4      | Became a worshipper of Kikubaaqudgha
  2686 | D:4      | Reached skill level 8 in Stealth
  2825 | D:4      | Noticed a black bear
  2829 | D:4      | Reached skill level 2 in Fighting
  2835 | D:4      | Killed a black bear
  2836 | D:4      | Reached skill level 1 in Necromancy
  2836 | D:4      | Reached skill level 1 in Transmutations
  2836 | D:4      | Reached skill level 1 in Earth Magic
  2836 | D:4      | Reached XP level 7. HP: 35/35 MP: 8/8
  3100 | D:4      | Found a staircase to the Ecumenical Temple.
  3214 | D:5      | Entered Level 5 of the Dungeon
  3288 | D:5      | Learned a level 2 spell: Ensorcelled Hibernation
  3331 | D:5      | Reached skill level 4 in Short Blades
  3343 | D:5      | Noticed Duvessa
  3352 | D:5      | Noticed Dowan
  3357 | D:5      | HP: 1/35 [constriction (5)]
  3371 | D:5      | Killed Duvessa
  3398 | D:4      | Reached skill level 2 in Transmutations
  3398 | D:4      | Reached skill level 2 in Earth Magic
  3402 | D:5      | Noticed Sigmund
  3409 | D:5      | Killed Dowan
  3410 | D:5      | Reached skill level 2 in Necromancy
  3410 | D:5      | Gained mutation: You have razor-sharp teeth. [Vine Stalker
                  | growth]
  3410 | D:5      | Reached XP level 8. HP: 39/39 MP: 8/10
  3448 | D:5      | Killed Sigmund
  3449 | D:5      | Reached skill level 3 in Throwing
  3449 | D:5      | Reached skill level 1 in Spellcasting
  3544 | D:5      | Reached skill level 3 in Fighting
  3642 | D:5      | Reached * piety under Kikubaaqudgha
  3642 | D:5      | Received a gift from Kikubaaqudgha
  3677 | D:5      | Learned a level 3 spell: Swiftness
  3923 | D:5      | Found a runed translucent door.
  3924 | D:5      | Noticed Crazy Yiuf
  3940 | D:5      | Killed Crazy Yiuf
  4039 | D:6      | Found Uheuh's Jewellery Shop.
  4053 | D:6      | Noticed Menkaure
  4064 | D:6      | Killed Menkaure
  4123 | D:6      | Reached skill level 9 in Stealth
  4123 | D:6      | Reached skill level 1 in Shields
  4123 | D:6      | Reached skill level 3 in Earth Magic
  4237 | D:6      | Reached skill level 3 in Transmutations
  4253 | D:6      | Reached skill level 3 in Necromancy
  4253 | D:6      | Reached XP level 9. HP: 33/44 MP: 9/11
  4362 | D:6      | Learned a level 3 spell: Vampiric Draining
  4515 | D:7      | Reached skill level 2 in Shields
  4528 | D:7      | Reached skill level 5 in Short Blades
  4544 | D:7      | Found a one-way gate to the infinite horrors of the Abyss.
  4544 | D:7      | Noticed Dirtsage's ghost (novice MfGl)
  4579 | D:7      | Reached skill level 4 in Throwing
  4581 | D:7      | Reached ** piety under Kikubaaqudgha
  4655 | D:7      | Found a transporter.
  4664 | D:7      | Noticed an ancient zyme
  4683 | D:7      | Reached skill level 4 in Fighting
  4920 | D:6      | Reached skill level 4 in Necromancy
  4998 | D:7      | Reached skill level 3 in Shields
  5022 | D:7      | Reached skill level 10 in Stealth
  5072 | D:7      | Noticed Maggie
  5093 | D:7      | Killed Maggie
  5094 | D:7      | Reached XP level 10. HP: 36/51 MP: 12/12
  5187 | D:7      | Found a transporter.
  5459 | D:8      | Found a staircase to the Lair.
  5493 | D:8      | Reached skill level 5 in Fighting
  5493 | D:8      | Reached skill level 5 in Throwing
  5517 | D:8      | Reached *** piety under Kikubaaqudgha
  5517 | D:8      | Received a gift from Kikubaaqudgha
  5525 | D:8      | Reached skill level 4 in Shields
  5540 | D:8      | Slain by a komodo dragon

Illustrated notes

Levels and vault maps discovered:
D:1:      grunt_arrival_lava_bath, layout_basic, serial_corexii_hall,
          corexii_hall_statues_s, chequers_hall_statues_wall_a, nicolae_titane
D:2:      layout_basic, ebering_ecumenical_altar_sacrificial, corexii_shack,
          uniq_natasha
D:3:      kennysheep_slugbush, layout_basic, ebering_ghost_inner_flame,
          hex_medium, guppyfry_early_lair_pool
D:4:      layout_basic, nicolae_overflow_hallway_of_the_gods,
          minmay_temple_entry_nine_rooms
D:5:      layout_basic, uniq_sigmund, uniq_duvessa, uniq_crazy_yiuf_cottage
D:6:      layout_rooms, serial_shops, nicolae_square_shop, uniq_menkaure
D:7:      cheibrodos_fertilizer, layout_rooms, gammafunk_ghost_abyssal_escape,
          uniq_maggie
D:8:      nzn_winding_woodlands_three_and_one
          [nzn_winding_woodlands_5x15_crooked,
          nzn_winding_woodlands_5x15_jagged,
          nzn_winding_woodlands_5x15_river_crossing,
          nzn_winding_woodlands_center_diamonds], layout_loops_cross,
          due_lair_maze_entry_diamond, corexii_mini_fake_secret_closet,
          item_on_display_a

Skill      XL: |  1  2  3  4  5  6  7  8  9 10 |
---------------+-------------------------------+-----
Stealth        | 5 6 7 8 9 10 | 10.5
Short Blades   | 2 3 4 5 |  5.9
Throwing       | 2 3 4 5 |  5.1
Fighting       | 2 3 4 5 |  5.0
Necromancy     | 1 2 3 4 |  4.9
Transmutations | 1 2 3 |  3.0
Earth Magic    | 1 2 3 |  3.0
Spellcasting   | 1 |  1.0
Shields        | 1 3 4 |  4.0
Dodging        | |  0.7
Hexes          | |  0.3
Ice Magic      | |  0.1
Evocations     | |  0.1

Action                     |  1- 3 |  4- 6 |  7- 9 | 10-12 || total
---------------------------+-------+-------+-------+-------++-------
  Melee: Dagger            |    77 |   119 |   328 |   102 ||   626
         Bite              |    12 |    31 |   125 |    35 ||   203
         Punch             |       |     2 |     2 |       ||     4
  Throw: Dart              |       |       |    13 |       ||    13
   Cast: Passwall          |       |       |       |     2 ||     2
  Evoke: Wand              |       |       |     1 |       ||     1
    Use: Scroll            |       |     6 |     3 |       ||     9
         Potion            |       |     1 |       |       ||     1
   Stab: Sleeping          |    12 |    18 |     9 |     2 ||    41
         Distracted        |       |     1 |     1 |       ||     2
 Armour: Robe              |     6 |    15 |    66 |       ||    87
         Steam dragon scal |       |       |       |    23 ||    23
  Dodge: Dodged            |    39 |    56 |   152 |    43 ||   290
  Block: Buckler           |       |       |    48 |    32 ||    80

Table legend: (Time is in decaauts)
 A = Elapsed time spent in this place.
 B = Non-inter-level travel time spent in this place.
 C = Inter-level travel time spent in this place.
 D = Time resting spent in this place.
 E = Time spent auto-exploring this place.
 F = Levels seen in this place.
 G = Mean time per level.
                   A        B        C        D        E       F      G
               +--------+--------+--------+--------+--------+-----+--------+
         Total |   5428 |   5193 |    235 |    134 |   3410 |   8 |  678.5 |
       Dungeon |   5428 |   5193 |    235 |    134 |   3410 |   8 |  678.5 |
               +--------+--------+--------+--------+--------+-----+--------+

Top non-repeatable levels by time:
     D:1: 950 daAuts
     D:5: 818 daAuts
     D:3: 785 daAuts
     D:4: 754 daAuts
     D:2: 706 daAuts
     D:7: 680 daAuts
     D:6: 436 daAuts
     D:8: 296 daAuts
